Map: Lost and Found LE

Players

SortOf - Winner!

  • Race: Zerg Zerg
  • Spawn Location: 7:00

SpaceMarine

  • Race: Protoss Protoss
  • Spawn Location: 1:00

Event: WCS Valencia 2018

VOD

Have the link to the VOD?

Description

Time

  • Played on: July 12, 2018, 8:02 a.m.
  • Length: 13:26

All games in this series

Show
View Real Time Build Order
Export as new Build Order

SortOf Zerg - Winner!

Build Orders: Hatch First 

Get SALT Encoding   

  12  0:00  Drone  
  13  0:12  Overlord  
  13  0:16  Drone  
  14  0:31  Drone x2  
  16  0:48  Hatchery  
  15  0:51  Drone  
  15  0:54  Drone  
  17  1:02  Drone  
  18  1:09  Extractor  
  17  1:13  Spawning Pool  
  17  1:15  Drone  
  17  1:23  Drone  
  18  1:31  Drone  
  20  1:40  Drone  
  20  1:51  Overlord  
  20  2:00  Queen x2  
  24  2:01  Zergling x4  
  26  2:11  Drone x2  
  28  2:20  Metabolic Boost  
  28  2:23  Drone  
  28  2:24  Drone  
  30  2:34  Hatchery  
  30  2:36  Drone  
  30  2:40  Drone  
  31  2:44  Overlord  
  31  2:46  Drone  
  32  2:53  Drone  
  32  2:54  Drone  
  32  2:58  Queen  
  34  3:05  Drone x2  
  38  3:10  Zergling x2  
  39  3:14  Drone x2  
  39  3:15  Drone  
  42  3:23  Drone  
  42  3:25  Evolution Chamber  
  42  3:30  Drone x2  
  43  3:42  Overlord x2  
  43  3:46  Queen  
  45  3:48  Queen  
  45  3:50  Zerg Melee Weapons Level 1  
  45  3:51  Overlord  
  45  3:52  Spore Crawler, Drone  
  45  3:55  Zergling x6  
  50  4:01  Queen  
  50  4:02  Drone x2  
  54  4:06  Drone x2  
  56  4:15  Zergling x8  
  60  4:17  Overlord  
  60  4:21  Zergling x6  
  63  4:26  Overlord  
  63  4:30  Zergling x8  
  67  4:37  Overlord  
  67  4:43  Overlord, Queen  
  67  4:45  Drone x2  
  71  4:46  Baneling Nest  
  69  4:55  Zergling x12  
  75  5:04  Zergling x8  
  75  5:16  Drone x2  
  75  5:17  Drone x6, Queen  
  84  5:23  Drone x2  
  84  5:28  Drone  
  87  5:32  Baneling x5  
  86  5:35  Spore Crawler  
  86  5:36  Spore Crawler, Drone x2  
  86  5:38  Queen  
  86  5:40  Overlord  
  88  5:44  Zergling x2  
  88  5:47  Overlord  
  80  6:04  Drone x2  
  80  6:05  Drone x8  
  80  6:06  Lair  
  88  6:11  Zergling x2  
  88  6:12  Zergling x4, Queen  
  88  6:15  Drone x2  
  95  6:20  Spore Crawler, Hatchery  
  95  6:24  Spore Crawler  
  91  6:25  Zergling x8  
  91  6:26  Zergling x2  
  91  6:28  Spore Crawler  
  94  6:34  Extractor, Drone x3, Evolution Chamber  
  94  6:35  Spore Crawler  
  94  6:37  Drone x3  
  94  6:38  Spore Crawler  
  96  6:41  Extractor  
  96  6:42  Extractor  
  96  6:43  Baneling x6  
  96  6:45  Drone x4  
  98  6:47  Overlord  
  94  6:56  Drone x3  
  94  6:58  Drone  
  94  7:00  Zerg Missile Weapons Level 1  
  98  7:03  Overlord x2, Extractor x2  
  96  7:15  Drone x2  
  98  7:17  Zergling x14  
  98  7:20  Spore Crawler  
  103  7:30  Hydralisk Den  
  103  7:35  Zergling x18  
  109  7:44  Zerg Melee Weapons Level 2  
  109  7:45  Drone x3  
  109  7:46  Drone  
  109  7:49  Queen  
  115  7:52  Drone x5  
  115  7:55  Overlord  
  115  7:58  Overlord  
  120  8:04  Drone x3  
  121  8:09  Spore Crawler  
  120  8:13  Drone x2  
  120  8:14  Hydralisk x7  
  120  8:16  Muscular Augments  
  134  8:23  Hydralisk x2  
  134  8:24  Drone  
  134  8:25  Drone  
  122  8:34  Hydralisk x3  
  115  8:43  Hydralisk  
  115  8:47  Drone x9  
  121  8:51  Drone x2  
  121  8:52  Drone  
  121  8:54  Baneling x3  
  124  8:57  Infestation Pit  
  124  8:59  Drone x2  
  124  9:00  Drone  
  124  9:02  Drone  
  127  9:06  Zerg Missile Weapons Level 2  
  127  9:09  Drone  
  129  9:10  Drone  
  129  9:14  Overlord  
  129  9:17  Hydralisk  
  129  9:18  Spore Crawler  
  129  9:23  Baneling x2  
  129  9:24  Hydralisk x2  
  130  9:27  Grooved Spines  
  130  9:28  Drone  
  130  9:29  Overlord  
  134  9:42  Drone x9  
  144  9:46  Overlord  
  144  9:47  Hive  
  140  9:53  Overlord  
  140  9:54  Extractor, Zergling x20  
  149  10:00  Spire, Extractor  
  149  10:01  Zergling x6  
  150  10:11  Zergling x12  
  156  10:17  Hydralisk x4  
  156  10:18  Hatchery  
  156  10:20  Baneling x11  
  162  10:23  Centrifical Hooks  
  162  10:26  Hydralisk x2  
  166  10:34  Overlord  
  166  10:37  Overlord  
  152  11:00  Hydralisk x16  
  152  11:01  Hydralisk  
  175  11:07  Drone x3  
  171  11:12  Hydralisk x2  
  171  11:13  Hydralisk x2  
  171  11:17  Zergling x2  
  180  11:19  Greater Spire  
  179  11:30  Spore Crawler, Drone x2  
  179  11:31  Spore Crawler, Viper  
  179  11:32  Spore Crawler  
  181  11:36  Zergling x16  
  181  11:37  Overseer  
  188  11:50  Overlord  
  188  11:52  Zergling x2  
  189  11:59  Overlord  
  189  12:04  Spore Crawler  
  189  12:07  Overlord  
  188  12:09  Zergling x18  
  197  12:18  Overlord  
  197  12:20  Baneling x3  
  197  12:24  Overlord  
  193  12:37  Zergling x12  
  193  12:39  Baneling x10  
  199  12:48  Lurker Den  
  199  12:49  Unknown  
  182  13:07  Zergling x38  
Show
View Real Time Build Order
Export as new Build Order

SpaceMarine Protoss 

Build Orders: 1 Gate Expand, Oracle Opening, Mass Phoenix 

Get SALT Encoding   

  12  0:01  Probe  
  13  0:13  Probe  
  14  0:19  Pylon  
  14  0:25  Probe  
  15  0:36  Probe  
  15  0:38  Gateway  
  16  0:43  Assimilator  
  16  0:44  Probe  
  17  0:52  Probe  
  19  1:04  Probe  
  19  1:16  Probe  
  20  1:23  Nexus  
  20  1:28  Probe  
  21  1:37  Cybernetics Core  
  21  1:44  Assimilator  
  21  1:46  Probe  
  22  1:52  Pylon  
  22  1:58  Probe  
  23  2:04  Warp Gate  
  23  2:08  Probe  
  23  2:13  Adept  
  26  2:16  Probe  
  27  2:24  Probe, Twilight Council  
  28  2:31  Probe, Stalker  
  28  2:36  Probe  
  30  2:39  Probe  
  33  2:48  Probe  
  33  2:49  Probe  
  35  3:00  Probe, Gateway  
  35  3:03  Resonating Glaives  
  35  3:04  Probe  
  37  3:13  Probe  
  37  3:17  Probe  
  37  3:18  Gateway  
  39  3:23  Stargate  
  39  3:25  Probe  
  40  3:27  Assimilator  
  40  3:29  Probe  
  40  3:32  Pylon  
  41  3:35  Adept  
  41  3:37  Probe  
  41  3:41  Probe  
  45  3:46  Assimilator  
  43  3:49  Probe, Pylon  
  43  3:53  Probe  
  43  3:55  Stargate  
  45  3:59  Oracle  
  45  4:01  Probe  
  46  4:04  Pylon  
  46  4:05  Probe  
  50  4:13  Probe  
  51  4:17  Pylon  
  51  4:18  Adept x2  
  51  4:20  Adept  
  51  4:22  Probe  
  58  4:25  Probe  
  59  4:33  Phoenix  
  61  4:39  Adept x2, Phoenix  
  61  4:41  Adept  
  69  4:50  Phoenix  
  69  4:56  Pylon  
  71  5:03  Adept x2  
  75  5:09  Adept  
  75  5:14  Phoenix  
  75  5:16  Phoenix  
  79  5:22  Pylon  
  79  5:24  Adept, Pylon  
  81  5:31  Adept  
  81  5:35  Gateway  
  83  5:36  Gateway  
  83  5:39  Phoenix  
  83  5:42  Phoenix  
  87  5:55  Probe x2  
  89  5:57  Phoenix  
  89  5:59  Phoenix  
  73  6:12  Adept x3  
  79  6:19  Phoenix  
  81  6:31  Phoenix  
  83  6:40  Adept x3  
  83  6:44  Phoenix  
  91  6:56  Phoenix  
  91  6:59  Nexus  
  91  7:01  Pylon  
  91  7:04  Adept x4, Pylon  
  91  7:06  Adept  
  101  7:12  Phoenix  
  101  7:14  Phoenix  
  105  7:26  Probe x2  
  107  7:37  Phoenix  
  105  7:39  Protoss Air Weapons Level 1  
  105  7:43  Probe x2  
  109  7:54  Adept x4  
  109  7:55  Probe  
  118  7:59  Pylon  
  118  8:00  Pylon  
  118  8:10  Probe x2  
  118  8:11  Probe  
  118  8:12  Forge  
  121  8:22  Probe x2  
  123  8:31  Phoenix  
  119  8:37  Probe  
  119  8:39  Phoenix  
  88  8:50  Adept x5, Phoenix  
  88  8:51  Protoss Ground Weapons Level 1  
  88  8:53  Probe x3  
  88  8:55  Assimilator  
  101  8:57  Assimilator  
  101  9:01  Phoenix  
  103  9:02  Templar Archives  
  103  9:05  Probe x2  
  103  9:09  Gateway  
  107  9:10  Gateway  
  107  9:12  Gateway  
  107  9:15  Gateway  
  107  9:19  Adept x3  
  107  9:20  Adept x2  
  106  9:47  Phoenix x2  
  106  9:49  Probe x2  
  112  9:53  Probe  
  112  9:54  Adept x5  
  123  10:01  Probe x2  
  123  10:03  Gateway  
  123  10:04  Phoenix, Gateway  
  125  10:12  Psionic Storm  
  127  10:29  Adept x6  
  139  10:41  Adept  
  141  10:49  Adept x4  
  129  10:59  Adept x4  
  129  11:06  Nexus  
  129  11:08  Probe x2  
  119  11:12  Probe  
  119  11:14  Adept  
  122  11:25  High Templar x2  
  122  11:26  High Templar x3  
  122  11:31  Probe  
  133  11:32  Pylon  
  133  11:35  Probe x2  
  133  11:39  Pylon  
  135  11:42  Probe, Pylon  
  135  11:44  Probe  
  135  11:45  Probe  
  136  11:50  Probe  
  136  11:52  Probe  
  136  11:53  Probe  
  138  11:58  Probe  
  138  11:59  Assimilator, High Templar  
  138  12:00  High Templar x3  
  138  12:01  Assimilator, Probe x2  
  149  12:03  Archon  
  149  12:05  Archon  
  149  12:07  Pylon  
  152  12:10  Pylon  
  152  12:12  Probe  
  152  12:14  Probe  
  152  12:15  Robotics Facility  
  154  12:18  Probe  
  149  12:40  Gateway x2  
  149  12:42  Gateway  
  149  12:44  Gateway  
  149  12:46  Gateway  
  149  12:49  Gateway  
  149  12:50  Gateway  
  103  13:10  Zealot x8  
  103  13:11  Zealot  
Tags
 
Add a new tag
Caveats
  • Supply blocks, unpowered buildings, or Contaminate may cause inaccurate times.
  • Supply counts are checked every 10 seconds.